[Event "Early-Titled-Tuesday-Blitz-January-30-2024"]
[Site "Chess.com"]
[Date "2024.01.30"]
[Round "8"]
[White "AustinThomas12345"]
[Black "GoValya"]
[Result "1/2-1/2"]
[WhiteElo "2498"]
[BlackElo "2328"]
[TimeControl "180+1"]
[EndTime "9:30:28 PST"]
[Termination "Game drawn by repetition"]

1. e4 e6 2. d4 d5 3. Nd2 c5 4.
Ngf3 Nf6 5. Bb5+ Nc6 6. exd5 exd5 7. O-O Be7 8. dxc5 O-O 9. Nb3 h6 10. h3 Bf5 11. Bd3 Ne4 12. Be3 a5 13. Nbd4 Nxd4 14.
Bxd4 Rc8 15. Re1 Bxc5 16. Bxc5 Rxc5 17. Nd4 Bg6 18. c3 Qf6 19. Qf3 Qxf3 20. Nxf3 a4 21. a3 Rfc8 22. Nd4 Nd2 23. Bxg6 fxg6 24. Re7 R8c7 25. Rae1 Nc4 26. Rxc7 Rxc7 27. Re8+ Kf7 28. Rd8 Nxb2 29. Rxd5 Rxc3 30. Nb5 Rb3 31. Rd7+ Kf6 32. Rxb7 Nc4 33. Rc7 Nxa3 34. Nd4 Rb1+ 35. Kh2 Ke5 36. Nc6+ Kd6 37. Ra7 Kxc6 38. Rxa4 Nb5 39. Rc4+ Kd5 40. Rf4 Rb2 41. Rf7 Nd6 42. Rxg7 Rxf2 43. Rxg6 h5 44. Rg5+ Rf5 45. Rxf5+ Nxf5 46. g4 hxg4 47. hxg4 Ne7 48. Kg3 Ke6 49. Kh4 Kf6 50. Kh5 Kg7 51. Kg5 Ng6 52.
Kf5 Ne7+ 53. Kg5 Ng6 54. Kf5 Ne7+ 55. Kg5 1/2-1/2

[Event "Early-Titled-Tuesday-Blitz-January-30-2024"]
[Site "Chess.com"]
[Date "2024.01.30"]
[Round "8"]
[White "UnTucopalaTimba"]
[Black "Sofia_Blokhin"]
[Result "0-1"]
[WhiteElo "1920"]
[BlackElo "2242"]
[TimeControl "180+1"]
[EndTime "9:30:28 PST"]
[Termination "Sofia_Blokhin won on time"]

1. e4 c5 2. Nf3 e6 3. c3 d5 4.
exd5 exd5 5. d4 Nf6 6. Bg5 Nc6 7.
Bb5 Be7 8. O-O O-O 9. dxc5 Bxc5 10. Nbd2 h6 11. Bh4 g5 12. Bg3 Bg4 13. h3 Bh5 14. Qc2 a6 15. Bd3 Bd6 16. Bxd6 Qxd6 17. Rfe1 Rfe8 18. g4 Nxg4 19. hxg4 Bxg4 20. Bh7+ Kg7 21. Bf5 Bh5 22. Kg2 Qf4 23. Bd7 Red8 24. Qf5 Qd6 25. Bxc6 Qxc6 26. Nd4 Qd6 27. Qe5+ Qxe5 28.
Rxe5 Bg4 29. Rae1 Rac8 30. Kg3 Bh5 31. Re7 Kf6 32. Rxb7 Rb8 33. Ree7 Bg6 34. Nc6 Rxb7 35. Rxb7 Re8 36. Nd4 Re1 37. Rb6+ Kg7 38. Rxa6 h5 39. N2f3 h4+ 40. Kg2 Rc1 41. Nxg5 Be4+ 42. Nxe4 dxe4 43. Rb6 Rd1 0-1

[Event "Early-Titled-Tuesday-Blitz-January-30-2024"]
[Site "Chess.com"]
[Date "2024.01.30"]
[Round "8"]
[White "ChessSkool"]
[Black "Shield12"]
[Result "1-0"]
[WhiteElo "2707"]
[BlackElo "2975"]
[TimeControl "180+1"]
[EndTime "9:30:29 PST"]
[Termination "ChessSkool won by resignation"]

1. d4 Nf6 2. Nf3 d5 3. c3 e6 4. Bf4 c5 5. e3 Nc6 6. Nbd2 cxd4 7. exd4 Nh5 8. Be3 Bd6 9. Bb5 O-O 10. Ne5 g6 11. Nd3 f5 12. Nf3 Bd7 13. O-O Ne7 14. Bxd7 Qxd7 15. Re1 Nc6 16. Bh6 Rfe8 17. Qd2 Nf6 18.
Nfe5 Qc7 19. f3 Nd7 20. Bf4 Nb6 21. b3 Rac8 22. Rac1 Nd7 23. Nxd7 Qxd7 24. Re2 Bf8 25. Rce1 b6 26. h4 Bg7 27. Bh6 Bh8 28. Nf4 e5 29.
dxe5 Rxe5 30. Rxe5 Bxe5 31. Nxd5 Bd4+ 32. Qxd4 Nxd4 33.
Nf6+ Kf7 34. Nxd7 Rxc3 35. Ne5+ Kf6 36. Bg5+ Kg7 37. Nc4 b5 38. Bf4 bxc4 39. Be5+ Kf7 40. Bxd4 Rd3 41. Bxa7 cxb3 42. axb3 Rxb3 43. Be3 Rb4 44.
Bg5 h6 45. Bxh6 Rxh4 46. Bg5 Rh5 47. f4 Kf8 48. Ra1 Kf7 49. Ra3 Rh8 50. Ra7+ Ke6 51.
Rg7 Kd5 52. Rxg6 Rb8 53. Kh2 Rh8+ 54. Kg3 Re8 55. Kf3 Rc8 56. Rf6 Rc3+ 57. Kf2 Ke4 58. Re6+ Kd3 59. Re5 1-0

[Event "Early-Titled-Tuesday-Blitz-January-30-2024"]
[Site "Chess.com"]
[Date "2024.01.30"]
[Round "8"]
[White "LaPiToB"]
[Black "noblerone"]
[Result "1-0"]
[WhiteElo "2309"]
[BlackElo "2480"]
[TimeControl "180+1"]
[EndTime "9:30:29 PST"]
[Termination "LaPiToB won on time"]

1. d4 d5 2. c4 c6 3. Nc3 Nf6 4. e3 a6 5. Nf3 b5 6. b3 Bg4 7. Be2 e6 8. O-O Bd6 9. a4 bxc4 10. bxc4 O-O 11. h3 Bh5 12. c5 Bc7 13. Ne5 Bxe2 14.
Qxe2 Bxe5 15. dxe5 Nfd7 16. f4 Nxc5 17. Ba3 Nbd7 18.
Rf3 Re8 19. Rg3 f5 20. exf6 Qxf6 21. Rc1 Rab8 22. Bxc5 Nxc5 23. Nxd5 cxd5 24. Rxc5 Re7 25. Qxa6 d4 26. f5 dxe3 27. Rxe3 Rbe8 28. fxe6 Qd4 29.
Re5 Ra7 30. Qc6 Qxa4 31. Qf3 Rae7 32. Kh2 Qa8 33. R3e4 Qc6 34. Qf5 Qd6 35. Kh1 h6 36. h4 Qd1+ 37. Re1 Qd6 38. h5 Qc7 39. Qg6 Rf8 40.
Qg4 Rfe8 41. R1e3 Rf8 42. Rg3 Qc1+ 43. Kh2 Qf4 44. Qxf4 Rxf4 45. Kh3 Rf6 46. Rg6 Rf4 47. g3 Rf1 48. Kg4 Rf2 49. Rc5 Re8 50. Rc7 Kh8 51. Rgxg7 1-0

[Event "Early-Titled-Tuesday-Blitz-January-30-2024"]
[Site "Chess.com"]
[Date "2024.01.30"]
[Round "8"]
[White "Shuvalov"]
[Black "Attacks_Hurricane"]
[Result "1-0"]
[WhiteElo "2469"]
[BlackElo "2264"]
[TimeControl "180+1"]
[EndTime "9:30:29 PST"]
[Termination "Shuvalov won by checkmate"]

1. d4 f5 2. c4 e6 3. Nc3 Nf6 4. g3 Be7 5. Bg2 O-O 6. Nh3 d6 7. Nf4 c6 8. O-O e5 9. dxe5 dxe5 10. Nd3 Qc7 11. c5 Be6 12. b4 a5 13. b5 Nbd7 14.
bxc6 bxc6 15. Qa4 Nxc5 16. Nxc5 Bxc5 17. Bg5 Rac8 18. Rac1 Bb4 19. a3 Bd6 20. Bxf6 Rxf6 21. Nd5 Bxd5 22. Bxd5+ Kh8 23. Rxc6 Qd8 24. Rfc1 Rxc6 25.
Rxc6 Bf8 26. Rxf6 gxf6 27. Bb3 Be7 28. Be6 Bf8 29. Bxf5 Qe7 30. Qh4 Qg7 31. a4 Bb4 32.
Qe4 Qe7 33. Qc6 Kg7 34. Kg2 Qd6 35. Qb7+ Qe7 36. Qe4 Kh8 37. h4 Qf8 38. Bxh7 Qe7 39. Bf5 Kg7 40. Qg4+ Kf8 41. Be6 Qg7 42. Qc4 Qe7 43.
h5 Kg7 44. Qg4+ Kh7 45. Qg6+ Kh8 46. Qg8# 1-0

[Event "Early-Titled-Tuesday-Blitz-January-30-2024"]
[Site "Chess.com"]
[Date "2024.01.30"]
[Round "8"]
[White "Sadykov_Ramil"]
[Black "Happy1712Drummer"]
[Result "1-0"]
[WhiteElo "2598"]
[BlackElo "2418"]
[TimeControl "180+1"]
[EndTime "9:30:30 PST"]
[Termination "Sadykov_Ramil won on time"]

1. d4 d5 2. Bf4 e6 3. e3 Bd6 4. Qg4 Qf6 5. Bxd6 cxd6 6. Qg3 e5 7. Nf3 Nc6 8. Bb5 e4 9. Ng1 Ne7 10. h4 a6 11. Ba4 h5 12. Qg5 Qxg5 13. hxg5 g6 14.
Ne2 Be6 15. Nf4 Kd7 16. Nc3 Rac8 17. Kd2 b5 18. Bb3 Na5 19. Bxd5 Bxd5 20. Ncxd5 Nc4+ 21. Kc1 Nxd5 22. Nxd5 Ke6 23. Nf4+ Kf5 24. a4 Kxg5 25.
axb5 axb5 26. b3 Nb6 27. Ra5 Kf6 28. Rxb5 Rb8 29. Rxb6 Rxb6 30. Nd5+ Ke6 31. Nxb6 Rb8 32. Na4 d5 33. Kd2 Kd6 34. Nc5 f5 35. g3 Rh8 36. c4 g5 37. Kc3 h4 38. gxh4 gxh4 39.
Rh3 dxc4 40. bxc4 Rh5 41. Nb3 Rh8 42. d5 Ke5 43. Nd4 f4 44. exf4+ Kxf4 45. d6 Kg4 46. Rh1 Rd8 47. c5 h3 48. c6 Rxd6 49. c7 1-0

[Event "Early-Titled-Tuesday-Blitz-January-30-2024"]
[Site "Chess.com"]
[Date "2024.01.30"]
[Round "8"]
[White "Zq1"]
[Black "MaxLeto"]
[Result "0-1"]
[WhiteElo "2502"]
[BlackElo "2381"]
[TimeControl "180+1"]
[EndTime "9:30:30 PST"]
[Termination "MaxLeto won on time"]

1. d4 h5 2. c4 h4 3. h3 d6 4. Nc3 e5 5. Nf3 Nc6 6. dxe5 Nxe5 7. e4 Be6 8. b3 Be7 9. Bb2 Bf6 10. Be2 Ne7 11.
Qc2 Nxf3+ 12. Bxf3 Nc6 13. O-O-O a5 14. Rhe1 O-O 15.
c5 Be5 16. Nd5 Bxd5 17. Bxe5 Bxb3 18. Qxb3 Qg5+ 19. Qe3 Qxe5 20. Kb1 dxc5 21. Rd5 Qe7 22. Qxc5 Qxc5 23. Rxc5 Ra6 24. e5 Rb6+ 25. Ka1 Nb4 26.
Rxc7 Nd3 27. Re3 Nxf2 28. Rxb7 Rxb7 29. Bxb7 Rd8 30. Re2 Rd1+ 31. Kb2 Rf1 32. Bd5 Nd3+ 33. Kc3 Nf4 34. Rd2 Rg1 35. Bf3 g5 36. Kd4 Kg7 37. Ke4 Kg6 38. Rd6+ Kg7 39. Kf5 Nxg2 40. Rd7 Ne3+ 41.
Ke4 Nf1 42. Bh5 Nd2+ 43. Kd3 Nf1 44. Rxf7+ Kh6 45. e6 Kxh5 46. e7 Rg3+ 0-1

[Event "Early-Titled-Tuesday-Blitz-January-30-2024"]
[Site "Chess.com"]
[Date "2024.01.30"]
[Round "8"]
[White "Polish_fighter3000"]
[Black "FGHSMN"]
[Result "0-1"]
[WhiteElo "3054"]
[BlackElo "2922"]
[TimeControl "180+1"]
[EndTime "9:30:31 PST"]
[Termination "FGHSMN won by checkmate"]

1. Nf3 Nf6 2. c4 b6 3. d4 Bb7 4.
a3 g6 5. Nc3 Bg7 6. Qc2 d5 7.
cxd5 Nxd5 8. Bd2 O-O 9. h4 h5 10. e4 Nxc3 11. Bxc3 e6 12. O-O-O Nd7 13. Bc4 Qe7 14.
Ng5 Nf6 15. Rhe1 Rad8 16. d5 e5 17. Bb4 Rd6 18. f4 Nd7 19. f5 Nc5 20. Rf1 Bh6 21. Bd2 Bc8 22. Kb1 Bg7 23. Bb4 Bf6 24. Bxc5 bxc5 25.
Qc1 Kg7 26. Rd3 Rb6 27. Rg3 Bd7 28. Ne6+ Bxe6 29. dxe6 Bxh4 30. Rd3 Bg5 31. Qc3 Rd6 32. exf7 Rd4 33. Rg3 h4 34. Rg4 Kh6 35. Ka2 Qd7 36.
Be6 Qe7 37. Rh1 Rxf7 38. Bxf7 Qxf7+ 39. Ka1 gxf5 40. Rgxh4+ Bxh4 41. Rxh4+ Kg7 42. Qg3+ Kf8 43. Qxe5 Rd1# 0-1

[Event "Early-Titled-Tuesday-Blitz-January-30-2024"]
[Site "Chess.com"]
[Date "2024.01.30"]
[Round "8"]
[White "HamedWafa4"]
[Black "LiemLe"]
[Result "1-0"]
[WhiteElo "2819"]
[BlackElo "3066"]
[TimeControl "180+1"]
[EndTime "9:30:31 PST"]
[Termination "HamedWafa4 won by resignation"]

1. e4 c5 2. Nf3 Nc6 3. Bb5 g6 4. O-O Bg7 5. Bxc6 bxc6 6. Re1 Qc7 7. c3 d6 8. d4 cxd4 9. cxd4 Nf6 10. Nc3 O-O 11.
h3 c5 12. dxc5 Qxc5 13. Be3 Qc7 14. Bd4 Bb7 15. Qa4 Bc6 16. Qa6 Rfc8 17. Rac1 Qb7 18. Qxb7 Bxb7 19. Nd2 Nd7 20. Bxg7 Kxg7 21. f3 Rab8 22.
Nf1 Ne5 23. Red1 f5 24. exf5 gxf5 25. Ne3 Kf6 26. f4 Ng6 27. g3 Rc6 28. Ncd5+ Kf7 29.
b3 Rbc8 30. Rxc6 Rxc6 31. Kf2 a5 32. Nc4 Rc5 33. Nde3 d5 34. Nb2 Kf6 35. Na4 Rc7 36.
Rxd5 e5 37. fxe5+ Nxe5 38. Rxa5 f4 39. gxf4 Nd3+ 40. Kg3 Bc8 41. Ng4+ Kf7 42. Ne5+ Nxe5 43. fxe5 Ke6 44. Kf4 Rf7+ 45. Ke3 Bb7 46. Nc5+ Kf5 47. Nxb7 Rxb7 48. Kd4 Rd7+ 49. Rd5 Ra7 50. a4 Ke6 51. Rd6+ Kf5 52. Rf6+ Kg5 53. Rf8 Rb7 54. e6 Rxb3 55.
e7 1-0

[Event "Early-Titled-Tuesday-Blitz-January-30-2024"]
[Site "Chess.com"]
[Date "2024.01.30"]
[Round "8"]
[White "Sina_Movahed"]
[Black "BardArtem"]
[Result "1-0"]
[WhiteElo "3030"]
[BlackElo "2778"]
[TimeControl "180+1"]
[EndTime "9:30:32 PST"]
[Termination "Sina_Movahed won on time"]

1. e4 c5 2. d4 cxd4 3. Nf3 d6 4. Nxd4 Nf6 5. Nc3 g6 6. Be3 Nc6 7. f3 h5 8. Qd2 Nxd4 9. Bxd4 Bh6 10. Bb5+ Kf8 11.
Qd3 Be6 12. Bc4 Bxc4 13. Qxc4 Rc8 14. Qb3 Qc7 15. Rd1 Bg7 16. Rd2 a6 17. Bxf6 Bxf6 18. Nd5 Qc5 19. Nxf6 exf6 20. Kd1 Kg7 21. Re1 b5 22.
Qd5 Qb4 23. c3 Qa5 24. a3 Qa4+ 25. Kc1 b4 26. Rd4 a5 27. Re3 Rc5 28. Qb7 Rhc8 29.
axb4 axb4 30. Qxb4 Qa1+ 31. Kc2 Qf1 32. Rd2 Rb5 33. Qxd6 Rcb8 34. b4 Ra8 35. Qd3 Qa1 36. Qxb5 Ra2+ 37. Kd3 Qf1+ 38. Ree2 Ra1 39. Qd5 Qb1+ 40.
Kd4 Qg1+ 41. Kc4 Qb1 42. e5 Qa2+ 43. Rxa2 1-0

[Event "Early-Titled-Tuesday-Blitz-January-30-2024"]
[Site "Chess.com"]
[Date "2024.01.30"]
[Round "8"]
[White "Trojan-Knight"]
[Black "LastHeroJr"]
[Result "0-1"]
[WhiteElo "2656"]
[BlackElo "2505"]
[TimeControl "180+1"]
[EndTime "9:30:32 PST"]
[Termination "LastHeroJr won by resignation"]

1. d4 Nf6 2. c4 g6 3. Nc3 Bg7 4. e4 d6 5. Be2 O-O 6. Be3 e5 7. d5 c6 8. g4 cxd5 9. cxd5 a6 10. h4 b5 11. g5 Nfd7 12. Nf3 b4 13. Na4 a5 14.
Nd2 Ba6 15. Rc1 f5 16. f3 fxe4 17. Nxe4 Qe7 18. Rc6 Bxe2 19. Kxe2 Nxc6 20. dxc6 Nb8 21. Nb6 Ra6 22. Nd5 Qe6 23. Nc7 Qxa2 24. Nxa6 Nxa6 25. Qxd6 Qc4+ 26. Kf2 Qc2+ 27. Kg3 Qe2 28. Nf6+ Bxf6 29. Qe6+ Kh8 30. gxf6 Qxe3 31. Qe7 Qf4+ 32. Kg2 Qxf6 33.
Qxf6+ Rxf6 34. Rc1 Nc7 35. Kf2 a4 36. Ke3 a3 37.
bxa3 bxa3 38. Ke4 a2 39. Kxe5 Rxc6 40. Ra1 Ra6 41. Kd4 Kg7 42. f4 Ne6+ 0-1

[Event "Early-Titled-Tuesday-Blitz-January-30-2024"]
[Site "Chess.com"]
[Date "2024.01.30"]
[Round "8"]
[White "LileKoridze"]
[Black "Karttunen"]
[Result "0-1"]
[WhiteElo "2382"]
[BlackElo "2622"]
[TimeControl "180+1"]
[EndTime "9:30:32 PST"]
[Termination "Karttunen won by checkmate"]

1. d4 Nf6 2. c4 e6 3. Nf3 d5 4. g3 Bb4+ 5. Bd2 a5 6. Bg2 dxc4 7. O-O O-O 8. Qc2 Bxd2 9. Nbxd2 b5 10. a4 c6 11. Ne5 Nd5 12. Rac1 Bb7 13. b3 c3 14. Ne4 b4 15. Nc5 Ra7 16. Rcd1 Ba8 17. e4 Nc7 18.
Rfe1 f6 19. Nc4 Qe7 20. e5 f5 21. Nb6 Nd5 22. Nc4 Nd7 23. Nd3 Bb7 24. Nd6 Ba6 25.
Nc5 N7b6 26. f4 Nc8 27. Nxc8 Rxc8 28. Bf3 Kh8 29. Kh1 Rg8 30. h4 g6 31. Kg2 Bc8 32. Qf2 Kg7 33. Rh1 Kf8 34. Kf1 Ke8 35. Ke1 Kd8 36. Rc1 Kc7 37. Kd1 Kb8 38. Kc2 Qd8 39. Kb1 Rag7 40. Ka2 Ka7 41. Qe2 h6 42. Nd3 g5 43.
hxg5 hxg5 44. Rh6 gxf4 45. gxf4 Rh8 46. Rch1 Rxh6 47. Rxh6 Qb6 48. Qf2 Ba6 49. Nc5 Nxf4 50. Qh4 Nd3 51. Nxe6 Rg1 52. Rh8 Nc1+ 53. Kb1 Nxb3+ 54.
Kc2 Na1# 0-1

[Event "Early-Titled-Tuesday-Blitz-January-30-2024"]
[Site "Chess.com"]
[Date "2024.01.30"]
[Round "8"]
[White "secrethawk1"]
[Black "Iana_Shirova"]
[Result "0-1"]
[WhiteElo "2448"]
[BlackElo "2298"]
[TimeControl "180+1"]
[EndTime "9:30:33 PST"]
[Termination "Iana_Shirova won by checkmate"]

1. e4 e5 2. Nf3 Nc6 3. Bb5 a6 4.
Ba4 Nf6 5. O-O b5 6. Bb3 Be7 7. Re1 d6 8. c3 O-O 9. h3 Na5 10. Bc2 c5 11. d4 Qc7 12. d5 Nc4 13. b3 Nb6 14. a4 Bd7 15. a5 Nc8 16. Be3 Re8 17.
Nbd2 Bf8 18. Nf1 Ne7 19. g4 Kh8 20. Ng3 Nfg8 21. Ng5 Nh6 22. f4 f6 23. Nf3 exf4 24. Bxf4 Nf7 25. Nf5 Ng6 26. Bh2 Bxf5 27. gxf5 Nge5 28.
Nxe5 Nxe5 29. Qh5 Qf7 30. Qe2 Ra7 31. Kh1 Rae7 32. Rg1 c4 33. b4 Nd3 34. Bxd3 cxd3 35. Qxd3 Rxe4 36. Raf1 Qh5 37. Rg3 Re1 38. Rfg1 Qe2 39.
Qxe2 R1xe2 40. Rg4 Rd2 41. h4 Ree2 42. Bf4 Rxd5 43.
R4g2 Re4 44. Bg3 Rxf5 45. Rd2 d5 46. Kh2 Re3 47. Kh3 Bd6 48. Kg4 g6 49. Bxd6 h5# 0-1

[Event "Early-Titled-Tuesday-Blitz-January-30-2024"]
[Site "Chess.com"]
[Date "2024.01.30"]
[Round "8"]
[White "Pastore1978"]
[Black "yaguigor"]
[Result "0-1"]
[WhiteElo "2278"]
[BlackElo "2555"]
[TimeControl "180+1"]
[EndTime "9:30:35 PST"]
[Termination "yaguigor won by resignation"]

1. e4 e5 2. Nf3 Nc6 3. d4 exd4 4. Nxd4 Bc5 5. Nb3 Bb6 6. Nc3 Nf6 7. Qe2 O-O 8. Bg5 h6 9. Bh4 Nd4 10. Qd3 Nxb3 11.
axb3 g5 12. Bg3 d6 13. f3 Be6 14. h4 Nh5 15. Bf2 Bxf2+ 16. Kxf2 g4 17. Ne2 Qf6 18.
Qc3 gxf3 19. gxf3 Qxc3 20. bxc3 f5 21. Nd4 Bd7 22. Bc4+ Kh8 23. Ke3 a6 24. Rag1 Rae8 25. Rg6 Kh7 26. Rhg1 Ng3 27. R1xg3 f4+ 28. Kf2 fxg3+ 29.
Rxg3 Re7 30. Bd3 Rg7 31. e5+ Kh8 32. e6 Be8 33. Nf5 Rxg3 34. Kxg3 Bg6 35. Nxh6 Bxd3 36. cxd3 Kg7 37. Nf7 Kf6 38. Ng5 Re8 39. Kf4 a5 40.
Ke4 b5 41. d4 a4 42. bxa4 bxa4 43. Kd3 a3 44. Kc2 Rb8 45. Ne4+ Kxe6 46. Nd2 a2 47. Nb3 Rxb3 0-1

[Event "Early-Titled-Tuesday-Blitz-January-30-2024"]
[Site "Chess.com"]
[Date "2024.01.30"]
[Round "8"]
[White "Orujov2008"]
[Black "marik_spb"]
[Result "0-1"]
[WhiteElo "2710"]
[BlackElo "2476"]
[TimeControl "180+1"]
[EndTime "9:30:36 PST"]
[Termination "marik_spb won by checkmate"]

1. e4 c5 2. Nf3 d6 3. d4 cxd4 4.
Nxd4 Nf6 5. Nc3 Nc6 6. Bg5 a6 7. Qd2 Bd7 8. f4 Qb6 9. Nb3 h6 10. Bxf6 gxf6 11. Nd5 Qd8 12. O-O-O e6 13. Nc3 Rc8 14. Be2 h5 15. g4 hxg4 16. Bxg4 Qc7 17. Kb1 Bh6 18. Qf2 b5 19. a3 b4 20. axb4 Nxb4 21.
Rhf1 Bb5 22. Nxb5 axb5 23. c3 Qc4 24. Qb6 Qxe4+ 25. Ka1 Ra8+ 26. Na5 Nc6 27. Bf3 Qa4+ 28. Kb1 Rxa5 29. Qxc6+ Kf8 30. Qxd6+ Kg7 31. Rg1+ Kh7 32. Qd7 Qa2+ 33. Kc2 Qa4+ 34. Kb1 Qa2+ 35. Kc2 Rf8 36.
Qd3+ f5 37. Ra1 Qxa1 38. Rxa1 Rxa1 39. Qxb5 Bxf4 40. Qc4 Rc1+ 41. Kd3 Rd8+ 42. Ke2 Rd2# 0-1

[Event "Early-Titled-Tuesday-Blitz-January-30-2024"]
[Site "Chess.com"]
[Date "2024.01.30"]
[Round "8"]
[White "chipmunknau"]
[Black "yobdc"]
[Result "1-0"]
[WhiteElo "2751"]
[BlackElo "2561"]
[TimeControl "180+1"]
[EndTime "9:30:37 PST"]
[Termination "chipmunknau won by checkmate"]

1. d4 g6 2. g3 Bg7 3. Bg2 Nf6 4.
e4 d6 5. Ne2 O-O 6. O-O Nbd7 7.
c4 e5 8. Nbc3 c6 9. h3 Re8 10.
d5 cxd5 11. cxd5 Nc5 12. b4 Na6 13. a3 Bd7 14. Be3 Rc8 15. Qd3 h5 16. Bxa7 h4 17. Be3 Nh5 18. Rfc1 hxg3 19. fxg3 f5 20. Qd2 f4 21.
gxf4 exf4 22. Nxf4 Nxf4 23. Bxf4 Qf6 24. Ne2 Bb5 25.
Rxc8 Qxa1+ 26. Rc1 Qxa3 27. Nd4 Bd7 28. Rb1 Bxh3 29.
Ne6 Bxe6 30. dxe6 Rxe6 31. Qd5 Nc7 32. Qc4 Qa7+ 33. Kh1 b5 34. Qc6 d5 35. Qxc7 Qxc7 36.
Bxc7 dxe4 37. Re1 Bf8 38. Ba5 Kh8 39. Bxe4 g5 40. Kg2 Kg7 41. Kf3 Rf6+ 42. Ke3 Re6 43.
Kd3 Rd6+ 44. Kc2 Re6 45. Re2 g4 46. Bd3 Rxe2+ 47. Bxe2 g3 48. Bf3 Kf6 49. Kd3 Ke5 50. Ke3 Bh6+ 51. Ke2 Kd4 52. Bb6+ Kc4 53. Bc5 Bg7 54. Bg4 Bc3 55. Be6# 1-0

[Event "Early-Titled-Tuesday-Blitz-January-30-2024"]
[Site "Chess.com"]
[Date "2024.01.30"]
[Round "8"]
[White "Sajith_Peiris"]
[Black "m_ezat"]
[Result "0-1"]
[WhiteElo "2270"]
[BlackElo "2475"]
[TimeControl "180+1"]
[EndTime "9:30:37 PST"]
[Termination "m_ezat won by resignation"]

1. e4 e5 2. Nf3 Nc6 3. Bb5 Nge7 4. O-O a6 5. Ba4 g6 6. c3 Bg7 7. d4 exd4 8. cxd4 b5 9. Bc2 O-O 10. Nc3 d5 11. Re1 Bg4 12. exd5 Bxf3 13. gxf3 Nxd4 14. Be3 Nef5 15. Bxf5 Nxf5 16. Qd3 Qh4 17. Ne4 h6 18. Ng3 Nd6 19. Rac1 Nc4 20. b3 Nxe3 21. fxe3 Be5 22. f4 Bd6 23. Rc6 Rae8 24. Rf1 h5 25. Rxa6 Qg4 26.
Qd1 Qxd1 27. Rxd1 Rxe3 28. f5 h4 29. Nf1 Re2 30. Rd2 Re1 31. Rg2 h3 32. Rf2 Bc5 33.
Rc6 Bxf2+ 34. Kxf2 Rfe8 35. fxg6 R8e2+ 36. Kf3 Rxa2 37. gxf7+ Kxf7 38. Rxc7+ Kf6 39. Ng3 Rxh2 40. d6 Rd2 41. d7 h2 42. Rc6+ Kg7 43. Nf5+ Kf7 44. Nh6+ Ke7 45.
Nf5+ Kxd7 0-1

[Event "Early-Titled-Tuesday-Blitz-January-30-2024"]
[Site "Chess.com"]
[Date "2024.01.30"]
[Round "8"]
[White "gahryman"]
[Black "mbojan"]
[Result "1/2-1/2"]
[WhiteElo "2672"]
[BlackElo "2870"]
[TimeControl "180+1"]
[EndTime "9:30:38 PST"]
[Termination "Game drawn by repetition"]

1. e4 a6 2. d4 e6 3. Nf3 d5 4. e5 c5 5. Bd3 cxd4 6. O-O Nc6 7. Nbd2 Qc7 8. Re1 f6 9. Nb3 fxe5 10. Nxe5 Nxe5 11.
Bf4 Bd6 12. Bxe5 Bxe5 13. Qh5+ g6 14. Qxe5 Qxe5 15. Rxe5 Nf6 16. Rae1 Kf7 17. Nxd4 Re8 18. Nf3 h6 19. R5e2 g5 20. Ne5+ Kg7 21. f3 b6 22.
Kf2 Ra7 23. h4 gxh4 24. Rh1 Nd7 25. Rxh4 Nxe5 26. Rxe5 Rf7 27. Rg4+ Kf6 28. f4 Rg7 29. Rh4 Rh8 30. Reh5 Ke7 31. Rxh6 Rxh6 32. Rxh6 Kd6 33. Kf3 Kc5 34. Rh7 Rg8 35. g4 e5 36. Bf5 e4+ 37.
Ke3 Bxf5 38. b4+ Kxb4 39. gxf5 Rf8 40. Rh6 Kc5 41. f6 Kd6 42. f7+ Ke7 43. Rxb6 Kxf7 44.
Kd4 Rc8 45. c3 Rc4+ 46. Kxd5 Rxc3 47. Kxe4 Ra3 48. Rb2 Kf6 49. Rb6+ Kf7 50. Rb2 Kf6 51. Rb6+ Kf7 1/2-1/2

[Event "Early-Titled-Tuesday-Blitz-January-30-2024"]
[Site "Chess.com"]
[Date "2024.01.30"]
[Round "8"]
[White "Kunalm64"]
[Black "Preobrazhenska_D2011"]
[Result "1-0"]
[WhiteElo "2554"]
[BlackElo "2384"]
[TimeControl "180+1"]
[EndTime "9:30:38 PST"]
[Termination "Kunalm64 won by checkmate"]

1. e4 c5 2. Nf3 d6 3. Bb5+ Nd7 4. d4 cxd4 5. Qxd4 a6 6. Bxd7+ Qxd7 7. c4 e5 8. Qd3 Qc6 9. Nc3 f5 10. exf5 Nf6 11.
O-O Be7 12. Re1 O-O 13. Bg5 Qd7 14. Bxf6 Bxf6 15. Rad1 Rd8 16. g4 h6 17. Nd5 Qf7 18. Nb6 Rb8 19. Qd5 Qxd5 20. Rxd5 Kf7 21. h4 Be7 22. h5 Bf6 23. b3 Ke7 24. Red1 e4 25. Re1 Kf8 26. Rxe4 Be7 27. Nd4 Bd7 28. Nxd7+ Rxd7 29.
f4 Kf7 30. Ne6 Bf6 31. g5 Bc3 32. f6 gxf6 33. g6+ Kg8 34. a3 Bb2 35. a4 Re8 36. f5 Be5 37. c5 Ree7 38. cxd6 Bxd6 39. Red4 Bc5 40. Nxc5 Rxd5 41. Rxd5 Re1+ 42. Kf2 Rb1 43. Ne6 Rb2+ 44. Ke1 Rb1+ 45. Kd2 Rb2+ 46. Kc3 Re2 47. Rd8# 1-0

[Event "Early-Titled-Tuesday-Blitz-January-30-2024"]
[Site "Chess.com"]
[Date "2024.01.30"]
[Round "8"]
[White "Casper"]
[Black "Shodikulov_Jamshid1990"]
[Result "0-1"]
[WhiteElo "2514"]
[BlackElo "2407"]
[TimeControl "180+1"]
[EndTime "9:30:41 PST"]
[Termination "Shodikulov_Jamshid1990 won by resignation"]

1. Nf3 Nf6 2. b3 g6 3. Bb2 Bg7 4. e3 O-O 5. Be2 d6 6. O-O e5 7. d4 exd4 8. Nxd4 Ne4 9. Qc1 a6 10. c4 Re8 11. Nd2 Nf6 12. h3 Nc6 13. Bf3 Ne5 14. Be2 Bd7 15. Rd1 Qe7 16. a4 a5 17. Ba3 Nc6 18. N2f3 Nb4 19. Bxb4 axb4 20. Ra2 Ne4 21. Rc2 Nc3 22. Re1 c5 23. Nb5 Bc6 24.
Qd2 Bxb5 25. axb5 Ra3 26. e4 Rxb3 27. e5 dxe5 28. Bf1 e4 29. Ng5 h6 30. Nxe4 Nxe4 31. Qf4 Qe5 32. Qxe5 Rxe5 33. Rce2 f5 34. f3 Re8 35.
fxe4 Bd4+ 36. Kh1 f4 37. e5 Re6 38. Re4 g5 39. Be2 Rc3 40. Bg4 Re7 41. Bf3 b3 42.
e6 b2 43. R4e2 Rc1 44. Be4 Kg7 45. g3 Rxe6 46. Kg2 fxg3 47. Kf3 g2 48. Bd3 Rxe1 49.
Rxb2 Bxb2 50. Kg4 g1=Q+ 51. Kh5 Qd4 0-1

[Event "Early-Titled-Tuesday-Blitz-January-30-2024"]
[Site "Chess.com"]
[Date "2024.01.30"]
[Round "8"]
[White "CristianS27"]
[Black "ChessQueen"]
[Result "0-1"]
[WhiteElo "2557"]
[BlackElo "2741"]
[TimeControl "180+1"]
[EndTime "9:30:42 PST"]
[Termination "ChessQueen won by resignation"]

1. e4 c6 2. d4 d5 3. exd5 cxd5 4. c4 Nf6 5. Nc3 Nc6 6. Bg5 Be6 7.
Be2 h6 8. Bxf6 exf6 9. Bf3 Bb4 10. Ne2 O-O 11. O-O Ne7 12. c5 Re8 13. a3 Ba5 14. b4 Bc7 15. Qd2 Ng6 16. g3 Qd7 17. h4 Rad8 18. Rfe1 Bb8 19. h5 Ne7 20. Nf4 Bg4 21.
Bxd5 Nxd5 22. Rxe8+ Rxe8 23. Ncxd5 Bf3 24. Re1 Rxe1+ 25.
Qxe1 Bxf4 26. Nxf4 Qxd4 27. Kh2 Qe5 28. Qxe5 fxe5 29.
Nd3 f6 30. b5 Kf7 31. Nb4 Ke6 32. Kh3 Bxh5 33. c6 b6 34. g4 Be8 35. Kg3 Kd6 36.
Kf3 g6 37. Ke4 Bf7 38. Na6 Be6 39. f3 f5+ 40. gxf5 gxf5+ 41. Ke3 h5 42. f4 e4 43. Nb4 h4 44. Nc2 Bc8 45. Nd4 Kc5 46.
a4 Kb4 47. c7 Kxa4 48. Nc6 h3 49. Kf2 e3+ 50. Kxe3 h2 51. Nxa7 Bd7 52. c8=Q Bxc8 53.
Nxc8 Kxb5 54. Nd6+ Kc6 55. Nxf5 h1=Q 56. Nd4+ Kc5 0-1

[Event "Early-Titled-Tuesday-Blitz-January-30-2024"]
[Site "Chess.com"]
[Date "2024.01.30"]
[Round "8"]
[White "ketster"]
[Black "andrzej"]
[Result "0-1"]
[WhiteElo "2578"]
[BlackElo "2456"]
[TimeControl "180+1"]
[EndTime "9:30:43 PST"]
[Termination "andrzej won on time"]

1. e4 e5 2. Nf3 Nf6 3. Nc3 Bb4 4. Bc4 Bxc3 5. dxc3 d6 6. Qe2 a6 7. O-O h6 8. Nh4 Qe7 9. a4 Nc6 10. b4 Bd7 11. Ba3 Nd8 12. Nf5 Bxf5 13. exf5 O-O 14. f4 Re8 15. Rae1 e4 16. a5 d5 17. Bb3 h5 18. Bc1 Qd7 19. Be3 Qxf5 20. Bd4 c6 21. c4 Ne6 22. Be5 Rad8 23. c3 Ng4 24. cxd5 cxd5 25. Bd4 Nxd4 26. cxd4 e3 27. Rf3 Qe4 28. h3 Nf6 29. Ba4 Re6 30. Rxe3 Qxd4 31. Kh2 Qxf4+ 32. g3 Qxe3 33. Qxe3 Rxe3 34. Rxe3 Ne4 35.
Rd3 d4 36. b5 axb5 37. Bxb5 f5 38. Bc4+ Kf8 39. Kg2 Nc3 40. Kf3 Ke7 41. Kf4 Kf6 42. g4 g5+ 43. Kf3 fxg4+ 44. hxg4 h4 45.
Kg2 Ke5 46. Rd2 Ne4 47. Re2 d3 48. Re1 d2 49. Rd1 Nc3 0-1